 Dungeon Crawl Stone Soup version 0.22-a0-93-g6b88ebb (webtiles) character file.

205 KristoblXynda the Ruffian (level 5, -7/49 HPs)
             Began as a Draconian Gladiator on Jan 24, 2018.
             Mangled by a worm (8 damage)
             ... on level 3 of the Dungeon.
             The game lasted 00:05:12 (3116 turns).

KristoblXynda the Ruffian (Draconian Gladiator)     Turns: 3116, Time: 00:05:13

Health: -7/49      AC:  5    Str: 15 (17) XL:     5   Next: 53%
Magic:  5/5        EV: 13    Int:  7 (9)  God:
Gold:   142        SH:  0    Dex: 10 (12) Spells: 4/4 levels left

rFire    + . .     SeeInvis .     - Unarmed
rCold    . . .     Gourm    .   (no shield)
rNeg     . . .     Faith    .   (armour unavailable)
rPois    .         Spirit   .   a - +0 hat
rElec    .         Reflect  .   (no cloak)
rCorr    .         Harm     .   (no gloves)
MR       .....                  (no boots)
Stlth    +.........             (no amulet)
HPRegen  0.16/turn              (no ring)
MPRegen  0.09/turn              (no ring)

@: lethally poisoned (-7 -> -18)
A: unfitting armour, fire resistance 1, robust 1, cold-blooded, AC +5
a: no special abilities


You were on level 3 of the Dungeon.
You were very hungry.

You visited 1 branch of the dungeon, and saw 3 of its levels.

You collected 142 gold pieces.

Inventory:

Missiles
 b - 3 throwing nets (quivered)
Armour
 a - a +0 hat (worn)
Jewellery
 q - an uncursed ring of resist corrosion {unknown}
Wands
 i - a wand of flame (22)
Scrolls
 d - a scroll of teleportation {unknown}
 e - 5 scrolls of identify {unknown}
 f - a scroll of enchant armour {unknown}
 g - a scroll of amnesia {unknown}
 k - 3 scrolls of enchant weapon {unknown}
 n - a scroll of remove curse {unknown}
 p - a scroll of fear {unknown}
Potions
 o - a potion of agility
Books
 l - a book of Cantrips

   Spells                             Type                      Level
   a - Confusing Touch                Hexes                        1
   b - Animate Skeleton               Necromancy                   1
   c - Summon Small Mammal            Summoning                    1
   d - Apportation                    Translocation                1
Comestibles
 c - 6 rations


   Skills:
 + Level 3.6 Fighting
 + Level 3.0 Throwing
 + Level 3.7 Dodging
 + Level 4.0 Unarmed Combat


You had 4 spell levels left.
You didn't know any spells.

Dungeon Overview and Level Annotations

Branches:
Dungeon (3/15)

Altars:
Dithmenos
Ru
The Shining One


Innate Abilities, Weirdness & Mutations

Your plain brown scales are hard. (AC +5)
You cannot fit into any form of body armour.
You are cold-blooded and may be slowed by cold attacks.
Your flesh is heat resistant. (rF+)
You are robust. (+10% HP)


Message History

The worm is moderately wounded.
* * * LOW HITPOINT WARNING * * *
You feel sick. The worm barely misses you.
You hit the worm.
The worm is heavily wounded.
* * * LOW HITPOINT WARNING * * *
You feel sick.
You barely miss the worm.
The worm is heavily wounded.
* * * LOW HITPOINT WARNING * * *
You feel sick. The worm closely misses you.
You hit the worm but do no damage.
Your tail-slap misses the worm.
The worm is moderately wounded.
* * * LOW HITPOINT WARNING * * *
You feel sick.
You hit the worm but do no damage. You tail-slap the worm.
The worm is severely wounded.
* * * LOW HITPOINT WARNING * * *
You feel sick. The worm bites you!
You die...

#.# #### #.# #.. #.#
#.## # #.# #..####.#
#.# ....(...####.##
.........>.((.#
#..#.##.####((######
...>..........)w@..#
(....##.####..######
##.#.#..## #..#
..........##..######
..........(......K.#
........#.#..)######
##....... #...# #
.###.. #...# ## #
#..# #...#


You could see a worm.

Vanquished Creatures
  Jessica (D:3)
  Ijyb (D:3)
  Terence (D:2)
  3 adders (D:3)
  A shadow imp (D:3)
  An ooze (D:3)
  2 dart slugs
  5 leopard geckos
  4 orcs (D:3)
  7 bats
  4 giant cockroaches
  8 goblins
  5 hobgoblins
  8 jackals
  4 frilled lizards
  17 kobolds
  7 rats
79 creatures vanquished.

Vanquished Creatures (others)
  A jackal (D:3)
  7 fungi (D:3)
  8 toadstools (D:3)
16 creatures vanquished.

Grand Total: 95 creatures vanquished

Notes
Turn   | Place    | Note
-------+----------+-------------------------------------------
     0 | D:1      | KristoblXynda the Draconian Gladiator began the quest for the Orb.
     0 | D:1      | Reached XP level 1. HP: 17/17 MP: 1/1
   163 | D:1      | Reached XP level 2. HP: 25/25 MP: 2/2
   912 | D:1      | Reached XP level 3. HP: 26/30 MP: 3/3
  1347 | D:2      | Found a shadowy altar of Dithmenos.
  1347 | D:2      | Found a glowing golden altar of the Shining One.
  1415 | D:2      | Found a sacrificial altar of Ru.
  1418 | D:2      | Noticed Terence
  1439 | D:2      | Killed Terence
  1439 | D:2      | Reached XP level 4. HP: 31/38 MP: 4/4
  1989 | D:3      | Noticed Ijyb
  2018 | D:3      | Killed Ijyb
  2373 | D:3      | Reached XP level 5. HP: 40/45 MP: 5/5
  2414 | D:3      | HP: 3/67 [poisoned by an adder]
  2420 | D:3      | HP: 3/67 [poisoned by an adder]
  2426 | D:3      | HP: 3/67 [poisoned by an adder]
  2738 | D:3      | Noticed Jessica
  2749 | D:3      | Killed Jessica
  2749 | D:3      | Reached skill level 4 in Unarmed Combat
  3111 | D:3      | Gained mutation: Your flesh is heat resistant. (rF+) [potion of mutation]
  3111 | D:3      | Gained mutation: You are robust. (+10% HP) [potion of mutation]
  3115 | D:3      | HP: 2/49 [poisoned by a kobold]
  3116 | D:3      | Mangled by a worm

Vault maps used:
D:1:      evilmike_arrival_home_sweet_home, minmay_misc_feat_pillars
D:2:      nicolae_ru_sacrificial_ziggurat,
          chequers_temple_overflow_statue_of_worship, uniq_terence
D:3:      cheibrodos_fertilizer, uniq_ijyb, uniq_jessica

Skill      XL: |  1  2  3  4  5 |
---------------+----------------+-----
Throwing       | 2 3 |  3.0
Dodging        | 3 |  3.7
Fighting       | 3 |  3.6
Unarmed Combat | 4 |  4.0

Action                   |  1- 3 |  4- 6 || total
-------------------------+-------+-------++-------
Melee: Unarmed           |   142 |   174 ||   316
       Tailslap          |    20 |    19 ||    39
       Punch             |     2 |     3 ||     5
  Use: Potion            |       |     5 ||     5
 Stab: Sleeping          |     2 |       ||     2
  Eat: Chunk             |     1 |     5 ||     6
Armor: Skin              |    45 |    57 ||   102
Dodge: Dodged            |   101 |   152 ||   253

Table legend:
 A = Spawn XP
 B = Non-spawn XP
 C = Spawn XP percentage of total XP
 D = Spawn monster count
 E = Non-spawn monster count
 F = Spawn count percentage of total count
 G = Total turns spent on level
                    A         B        C        D         E        F      G
               +---------+---------+-------+---------+---------+-------+---------
         Total |       0 |     294 |   0.0 |       0 |      79 |   0.0 |  3116
               +---------+---------+-------+---------+---------+-------+---------
           D:1 |       0 |      55 |   0.0 |       0 |      33 |   0.0 |  1314
           D:2 |       0 |      49 |   0.0 |       0 |       8 |   0.0 |   458
           D:3 |       0 |     190 |   0.0 |       0 |      38 |   0.0 |  1344
               +---------+---------+-------+---------+---------+-------+---------
